 Dungeon Crawl Stone Soup version 0.31-a0-1589-g8f5e8aebd6 (webtiles) character file.

Game seed: 6449537716114072841

88 zenocrate the Sneak (level 4, 0/21 HPs)
             Began as a Vine Stalker Enchanter on Jan 5, 2024.
             Slain by Sigmund
             ... wielding a +2 scythe of protection
              (10 damage)
             ... on level 2 of the Dungeon.
             The game lasted 00:01:35 (1374 turns).

zenocrate the Sneak (Vine Stalker Enchanter)        Turns: 1374, Time: 00:01:36

Health: 0/21       AC:  4    Str: 10    XL:     4   Next: 53%
Magic:  0/8        EV: 12    Int: 15    God:
Gold:   94         SH:  0    Dex: 17    Spells: 2/7 levels left

rFire   . . .        a - +1 dagger
rCold   . . .        (no shield)
rNeg    . . .        b - +0 robe
rPois   .            d - +0 helmet
rElec   .            (no cloak)
rCorr   .            (no gloves)
SInv    .            f - +0 pair of boots
Will    .....        (no amulet)
Stlth   +++          (no ring)
HPRegen 1.03/turn    (no ring)
MPRegen 0.11/turn

%: guardian spirit
@: very slightly contaminated, invisible
A: fangs 2, regeneration 1, magic shield, antimagic bite, no potion heal 2
a: no special abilities


You were on level 2 of the Dungeon.
You visited 1 branch of the dungeon, and saw 2 of its levels.

You collected 94 gold pieces.

Inventory:

Hand Weapons
 a - a +1 dagger (weapon)
Armour
 b - a +0 robe (worn)
 d - a +0 helmet (worn)
 f - a +0 pair of boots (worn)
Scrolls
 e - a scroll of acquirement {unknown}
 g - a scroll of teleportation {unknown}
 h - a scroll of revelation {unknown}
 i - a scroll of identify {unknown}
 j - a scroll of noise {unknown}
Potions
 c - a potion of invisibility


   Skills:
 * Level 2.4 Short Blades
 - Level 1.5 Dodging
 + Level 4.5 Stealth
 - Level 2.1 Spellcasting
 + Level 3.5 Hexes
 + Level 1.2 Ice Magic


You had 2 spell levels left.
You knew the following spells:

 Your Spells              Type           Power      Damage    Failure   Level
a - Ensorcelled Hibernat  Hex/Ice        16%        N/A       12%         2
b - Confusing Touch       Hex            12%        N/A       16%         3

Your spell library contained the following spells:

 Spells                   Type           Power      Damage    Failure   Level
 Tukima's Dance           Hex            12%        N/A       16%         3
 Dazzling Flash           Conj/Hex       14%        N/A       30%         3


Dungeon Overview and Level Annotations

Branches:
Dungeon (2/15)

Altars:

Shops:
D:1 =

Annotations:
D:2 Sigmund


Innate Abilities, Weirdness & Mutations

You have extremely sharp teeth.
Your natural rate of healing is unusually fast.
When hurt, damage is shared between your health and your magic reserves.
Your bite disrupts and absorbs the magic of your enemies.
Potions cannot restore your health.


Message History

The hobgoblin hits you but does no damage.
The hobgoblin attacks as it pursues you!
The hobgoblin barely misses you.
You fade into invisibility!
The hobgoblin hits you.
You hit the hobgoblin. You bite the hobgoblin. You drain its power.
You feel invigorated.
The hobgoblin is severely wounded.
The hobgoblin closely misses you.
You hit the hobgoblin but do no damage.
The hobgoblin is severely wounded.
The hobgoblin completely misses you.
You hear some strange, mumbled words.
The ball python resists with significant effort.
The ball python hisses angrily.
You hit the hobgoblin but do no damage.
The hobgoblin is severely wounded.
The hobgoblin hits you but does no damage.
You hear some strange, mumbled words.
The ball python resists with significant effort.
The ball python hisses angrily.
You hit the hobgoblin.
You kill the hobgoblin!
The ball python barely misses you.
A magic dart appears from out of thin air!
The magic dart hits the ball python!
The ball python dies!
Something hits you!
You see here a ball python corpse.
No target in view!
You hit something but do no damage. Your bite misses something.
Unknown command.
Casting: Ensorcelled Hibernation (safe; 12% risk of failure)
Confirm with . or Enter, or press ? or * to list all spells.
You miscast Confusing Touch.
You are very lightly contaminated with residual magic.
Nothing appears to happen.
Something hits you.
Unknown command.
You hit something. Your bite misses something. Something hits you!
You die...

#....#.......###..÷....#
#....#.##+###..........# ##
#......##+###..........#
...###...............####......
...................†...........
...............................
............#####............##
............######...........#
.............{@.........######
###........########.###.#
#........# #.# .# ##########
#.# .# .#


There were no monsters in sight!

Vanquished Creatures
  3 adders (D:2)
  A gnoll (D:2)
  A dart slug (D:2)
  9 ball pythons
  6 bats
  5 endoplasms
  3 giant cockroaches
  3 goblins (D:1)
  4 hobgoblins
  2 jackals (D:1)
  A quokka (D:2)
  2 frilled lizards (D:1)
  4 kobolds (D:1)
  3 rats
47 creatures vanquished.

Vanquished Creatures (others)
  A ball python (D:2)
1 creature vanquished.

Grand Total: 48 creatures vanquished

Notes
Turn   | Place    | Note
-------+----------+-------------------------------------------
     0 | D:1      | zenocrate the Vine Stalker Enchanter began the quest for
                  | the Orb.
     0 | D:1      | Reached XP level 1. HP: 9/9 MP: 4/4
    27 | D:1      | Reached skill level 1 in Short Blades
    87 | D:1      | Reached XP level 2. HP: 12/13 MP: 3/6
    97 | D:1      | Learned a level 2 spell: Ensorcelled Hibernation
   126 | D:1      | Reached skill level 4 in Stealth
   316 | D:1      | Found Keusch's Jewellery Boutique.
   539 | D:1      | Reached XP level 3. HP: 13/16 MP: 2/7
   602 | D:1      | Learned a level 3 spell: Confusing Touch
  1161 | D:2      | Reached skill level 1 in Ice Magic
  1161 | D:2      | Reached XP level 4. HP: 21/21 MP: 8/8
  1351 | D:2      | Noticed Sigmund
  1374 | D:2      | Slain by Sigmund

Illustrated notes

Levels and vault maps discovered:
D:1:      amcnicky_arrival_single_pillar, layout_basic, serial_shops, shop
D:2:      minmay_chambers_of_twos, layout_basic, minmay_pentomino_v4,
          uniq_sigmund

Skill      XL: |  1  2  3 |
---------------+----------+-----
Short Blades   | 1 2 |  2.4
Stealth        | 4 |  4.5
Ice Magic      | 1 |  1.2
Dodging        | |  1.5
Spellcasting   | |  2.1
Hexes          | |  3.5

Action                     |  1- 3 |  4- 6 || total
---------------------------+-------+-------++-------
  Melee: Dagger            |    84 |    23 ||   107
         Bite              |    15 |     5 ||    20
         Punch             |     1 |       ||     1
   Cast: Ensorcelled Hiber |     8 |     2 ||    10
    Use: Potion            |       |     1 ||     1
   Stab: Sleeping          |    15 |     4 ||    19
 Armour: Robe              |    51 |    16 ||    67
  Dodge: Dodged            |    66 |    16 ||    82

Table legend: (Time is in decaauts)
 A = Elapsed time spent in this place.
 B = Non-inter-level travel time spent in this place.
 C = Inter-level travel time spent in this place.
 D = Time resting spent in this place.
 E = Time spent auto-exploring this place.
 F = Levels seen in this place.
 G = Mean time per level.
                   A        B        C        D        E       F      G
               +--------+--------+--------+--------+--------+-----+--------+
         Total |   1364 |   1357 |      7 |      0 |    970 |   2 |  682.0 |
       Dungeon |   1364 |   1357 |      7 |      0 |    970 |   2 |  682.0 |
               +--------+--------+--------+--------+--------+-----+--------+

Top non-repeatable levels by time:
     D:1: 951 daAuts
     D:2: 413 daAuts
